 Dungeon Crawl Stone Soup version 0.32-a0-290-g598725c5f2 (webtiles) character file.

Game seed: 4372534348554545784

310 Vendren the Ruffian (level 6, -2/56 HPs)
             Began as a Naga Shapeshifter on Feb 9, 2024.
             Slain by an ice beast (10 damage)
             ... on level 4 of the Dungeon on Feb 13, 2024.
             The game lasted 00:54:51 (2115 turns).

Vendren the Ruffian (Naga Shapeshifter)             Turns: 2115, Time: 00:54:51

Health: -2/56      AC:  5    Str: 19    XL:     6   Next: 41%
Magic:  6/6        EV:  8    Int: 10    God:
Gold:   211        SH:  0    Dex: 16    Spells: 5/5 levels left

rFire   . .          .
                       - Unarmed
rCold   . . .        (no shield)
rNeg    . . .        C - +0 scale mail
rPois   +            (helmet currently unavailable)
rElec   .            (cloak currently unavailable)
rCorr   .            (gloves currently unavailable)
SInv    +            (no barding)
Will    .....        h - amulet of regeneration Stlth
                     D - +6 ring of dexterity
HPRegen 1.09/turn    (no ring)
MPRegen 0.10/turn

%: no passive effects
@: brilliant, beast-form, silenced, invisible, very slow
A: beast (slay +2), AC +2, large, see invisible, deformed body, poison
resistance, slowness 2, spit poison 1, naga tail 1
a: Spit Poison, Begin Untransformation


You were on level 4 of the Dungeon.
You were a hulking beast.
You visited 1 branch of the dungeon, and saw 4 of its levels.

You collected 211 gold pieces.

Inventory:

Hand Weapons
 j - a +0 flail
 n - a +0 whip
 o - a +0 dagger
 p - a +0 club
 u - a +0 club
 v - a +0 whip
 w - a +0 club
 z - a +0 dagger
 I - a +1 short sword of venom
Missiles
 g - 35 stones
 E - 2 boomerangs (quivered)
Armour
 a - a +0 animal skin
 i - a +0 cloak
 q - a scarf of harm
 y - a +0 robe
 C - a +0 scale mail (worn)
 G - a +0 ring mail
Jewellery
 h - an amulet of regeneration (around neck)
 D - a +6 ring of dexterity (left hand)
Talismans
 c - a beast talisman (active)
 d - a flux talisman
 f - a maw talisman
Scrolls
 k - a scroll of identify
 l - a scroll of amnesia
 m - 2 scrolls of revelation
 t - 3 scrolls of noise {unknown}
 x - a scroll of fear {unknown}
 B - a scroll of teleportation
 H - a scroll of brand weapon {unknown}
Potions
 b - 2 potions of lignification
 s - 2 potions of brilliance
 F - a potion of attraction {unknown}


   Skills:
 + Level 3.0 Fighting
 + Level 0.2 Short Blades
 + Level 0.2 Throwing
 + Level 1.2 Armour
 + Level 2.3 Dodging
 + Level 1.2 Stealth
 + Level 4.7 Unarmed Combat
 + Level 3.6 Shapeshifting


You had 5 spell levels left.
You didn't know any spells.
Your spell library contained the following spells:

 Spells                   Type           Power      Damage    Failure   Level
 Call Canine Familiar     Summ           0%         N/A       98%         3
 Sigil of Binding         Hex            0%         N/A       98%         3
 Dimensional Bullseye     Hex/Tloc       0%         N/A       100%        4


Dungeon Overview and Level Annotations

Branches:
Dungeon (4/15)
 Temple: D:4-7

Altars:


Innate Abilities, Weirdness & Mutations

You are a hulking beast.
Your limbs bulge with bestial killing power. (Slay +2)
Your serpentine skin is tough. (AC +2)
You have supernaturally acute eyesight. (SInv)
Armour fits poorly on your strangely shaped body.
Your system is resistant to poisons. (rPois)
You cover ground very slowly.
You can spit poison.
You have a snake-like lower body.


Message History

You have got your breath back.
The ice beast hits you but does no damage.
The orc hits you but does no damage.
Aiming: Spit Poison (1% risk of failure)
Press: ? - help, Shift-Dir - straight line The splash of poison hits the ice beast but does no damage.
The ice beast is heavily wounded.
The ice beast hits you. The ice beast freezes you! The orc barely misses you.
As you read the scroll labelled QYDIARA OQIGOQ, it crumbles to dust.
The creatures around you are filled with an inner flame!
It was a scroll of immolation.
The ice beast barely misses you.
The orc hits you from afar with a +0 trident.
The ice beast attacks as it pursues you!
The ice beast closely misses you. The ice beast misses you.
The ice beast attacks as it pursues you!
The ice beast hits you. The ice beast freezes you!
As you read the scroll labelled UQIPEBL MIMINAL, it crumbles to dust.
A profound silence engulfs you.
It was a scroll of silence.
The orc hits you but does no damage.
The ice beast hits you but does no damage.
The orc hits you from afar with a +0 trident.
There are monsters nearby!
Okay, then.
It was a potion of brilliance.
You feel clever all of a sudden.
You have got your breath back.
The ice beast hits you but does no damage.
The orc hits you from afar with a +0 trident.
You fade into invisibility!
The orc closely misses you. The ice beast hits you.
* * * LOW HITPOINT WARNING * * *
The ice beast freezes you.
* * * LOW HITPOINT WARNING * * *
The orc closely misses you.
The orc barely misses you. x2; The orc hits you with a +0 club.
* * * LOW HITPOINT WARNING * * *
The ice beast hits you.
* * * LOW HITPOINT WARNING * * *
The ice beast freezes you!
You die...

..............#
..............#
######...######
#####...#####
#...#...#...#
#.>.#..o#.<.#
#...#..o#...#
#####...#.oY#...#####
#..........h........#
#.>...ß...⌠...ß...<.#
#...................#
#####...#...#...#####
#...#...#...#
#.>.#...#.<.#
#...#...#...#
#####...##### #...#


You could see an ice beast (inner flame, unable to see you) and 3 orcs.

Vanquished Creatures
  A howler monkey (D:4)
  A hound (D:3)
  A bombardier beetle (D:3)
  An orc priest (D:3)
  Jessica (D:2)
  Natasha (D:2)
  3 adders
  2 dart slugs
  4 orcs (D:3)
  5 ball pythons
  3 bats (D:1)
  9 endoplasms
  3 giant cockroaches
  8 goblins
  4 hobgoblins
  5 jackals
  4 quokkas
  4 frilled lizards
  6 kobolds
  6 rats (D:1)
72 creatures vanquished.

Vanquished Creatures (others)
  An orc wizard (D:3)
1 creature vanquished.

Grand Total: 73 creatures vanquished

Notes
Turn   | Place    | Note
-------+----------+-------------------------------------------
     0 | D:1      | Vendren the Naga Shapeshifter began the quest for the Orb.
     0 | D:1      | Reached XP level 1. HP: 18/18 MP: 1/1
   214 | D:1      | Reached XP level 2. HP: 20/25 MP: 2/2
   410 | D:1      | Reached XP level 3. HP: 31/31 MP: 3/3
   948 | D:2      | Noticed Jessica
   959 | D:2      | Killed Jessica
   960 | D:2      | Reached XP level 4. HP: 35/39 MP: 4/4
  1131 | D:2      | Reached skill level 4 in Unarmed Combat
  1295 | D:2      | Noticed Natasha
  1302 | D:2      | Killed Natasha
  1303 | D:2      | Reached XP level 5. HP: 39/45 MP: 5/5
  1566 | D:3      | Reached skill level 1 in Stealth
  1671 | D:3      | Reached XP level 6. HP: 30/55 MP: 6/6
  2071 | D:4      | Upgraded the game from 0.32-a0-132-g2d33c3cfaf to
                  | 0.32-a0-290-g598725c5f2
  2084 | D:4      | Reached skill level 1 in Armour
  2093 | D:4      | Noticed an ice beast
  2115 | D:4      | Slain by an ice beast

Illustrated notes

Levels and vault maps discovered:
D:1:      matt_arrival_spirals, layout_basic, minmay_misc_feat_roman
D:2:      layout_basic, uniq_jessica, uniq_natasha
D:3:      layout_rooms, minmay_crystal_room
D:4:      layout_gridville, minmay_temple_entry_glass,
          nicolae_elevator_lobby_plus

Skill      XL: |  1  2  3  4  5  6 |
---------------+-------------------+-----
Fighting       | 2 3 |  3.0
Unarmed Combat | 4 |  4.7
Dodging        | 2 |  2.3
Stealth        | 1 |  1.2
Armour         | 1 |  1.2
Short Blades   | |  0.2
Throwing       | |  0.2
Shapeshifting  | |  3.6

Action                     |  1- 3 |  4- 6 || total
---------------------------+-------+-------++-------
  Melee: Unarmed           |    71 |    99 ||   170
         Short sword       |    10 |       ||    10
         Punch             |     2 |    11 ||    13
  Throw: Stone             |     3 |     1 ||     4
         Boomerang         |       |     1 ||     1
Ability: Spit Poison       |    13 |    28 ||    41
    Use: Scroll            |       |     7 ||     7
         Potion            |       |     3 ||     3
 Armour: Animal skin       |    56 |    39 ||    95
         Scale mail        |       |    62 ||    62
  Dodge: Dodged            |    34 |    46 ||    80
   Form: Beast             |     1 |       ||     1

Table legend: (Time is in decaauts)
 A = Elapsed time spent in this place.
 B = Non-inter-level travel time spent in this place.
 C = Inter-level travel time spent in this place.
 D = Time resting spent in this place.
 E = Time spent auto-exploring this place.
 F = Levels seen in this place.
 G = Mean time per level.
                   A        B        C        D        E       F      G
               +--------+--------+--------+--------+--------+-----+--------+
         Total |   2783 |   2397 |    386 |      0 |   1539 |   4 |  695.8 |
       Dungeon |   2783 |   2397 |    386 |      0 |   1539 |   4 |  695.8 |
               +--------+--------+--------+--------+--------+-----+--------+

Top non-repeatable levels by time:
     D:1: 1162 daAuts
     D:3: 828 daAuts
     D:2: 708 daAuts
     D:4: 84 daAuts
